 Dungeon Crawl Stone Soup version 0.29.0-13-gc9e81de378 (webtiles) character file.

Game seed: 16156665495460957637

127039 blackman the Bludgeoner (level 16, -1/138 HPs)
             Began as a Demonspawn Fighter on Sept 11, 2022.
             Was a Priest of Ashenzari.
             Succumbed to a naga warrior's splash of poison
             ... on level 1 of the Snake Pit.
             The game lasted 01:15:05 (41172 turns).

blackman the Bludgeoner (Demonspawn Fighter)       Turns: 41172, Time: 01:15:05

Health: -1/138     AC: 30    Str: 27    XL:     16   Next: 45%
Magic:  27/27      EV:  5    Int:  7    God:    Ashenzari [***...]
Gold:   67         SH:  0    Dex: 21    Spells: 29/29 levels left

rFire   + + +      SeeInvis +   l - +7 great mace "Firestarter" {inner flame, rF++}
rCold   + . .      Faith    .   (shield currently unavailable)
rNeg    . . .      Spirit   .   x - +3 storm dragon scales
rPois   .          Reflect  .   P - +0 helmet
rElec   +          Harm     .   p - scarf "Stars of the Bound Sage" {+Inv, Evo, Fort} (curse)
rCorr   +          Rampage  .   (gloves unavailable)
Will    +....      Clarity  +   o - +1 pair of boots "Cursed With Me" {rF+ Dex+3 Stlth+, Bglg, Comp} (curse)
Stlth   ..........              (no amulet)
HPRegen 0.33/turn               g - ring "Share My Yoke" {rCorr Str+4 Int-2 Dex+3 Slay+4, Self, Evo} (curse)
MPRegen 0.20/turn               G - ring of the Enlightened Seer {rC+, Self, Comp} (curse)

@: lethally poisoned (-1 -> -12), sanguine armoured, constricted
A: claws 3, foul stench 3, sanguine armour 2
a: Renounce Religion, Evoke Invisibility, Shatter the Chains


You were on level 1 of the Snake Pit.
You worshipped Ashenzari.
Ashenzari was most pleased with you.
You visited 6 branches of the dungeon, and saw 25 of its levels.
You also visited: Bailey and Gauntlet.

You collected 2060 gold pieces.
You spent 1993 gold pieces at shops.

Inventory:

Hand Weapons
 l - the +7 great mace "Firestarter" (weapon) {inner flame, rF++}
   (You bought it in a shop on level 2 of the Orcish Mines)

   It burns those it strikes, dealing additional fire damage.
   It fills those it strikes with an explosive inner flame.
   It grants immunity to clouds of flame.
   rF:        It greatly protects you from fire.
Missiles
 k - 23 javelins (quivered)
 v - 2 boomerangs of dispersal
 y - 2 silver boomerangs
Armour
 o - the cursed +1 pair of boots "Cursed With Me" (worn) {rF+ Dex+3 Stlth+, Bglg, Comp}
   (You found it on level 2 of the Dungeon)

   Dex:       It affects your dexterity (+3).
   rF:        It protects you from fire.
   Stlth:     It makes you more stealthy.
   It has a curse which improves the following skills: Beguiling: Conjurations,
   Hexes and Translocations.
   Companions: Summonings and Necromancy.
 p - the cursed scarf "Stars of the Bound Sage" (worn) {+Inv, Evo, Fort}
   (You found it on level 3 of the Dungeon)

   It has a curse which improves the following skills: Evocations: Evocations.
   Fortitude: Armour and Shields.
 x - +3 storm dragon scales (worn)
 P - a +0 helmet (worn)
 Y - a +1 cloak of willpower
Jewellery
 c - a ring of ice
 g - the cursed ring "Share My Yoke" (left claw) {rCorr Str+4 Int-2 Dex+3 Slay+4, Self, Evo}
   (You acquired it on level 5 of the Dungeon)

   [ring of resist corrosion]

   Str:       It affects your strength (+4).
   Int:       It affects your intelligence (-2).
   Dex:       It affects your dexterity (+3).
   Slay:      It affects your accuracy & damage with ranged weapons and melee
   (+4).
   rCorr:     It protects you from acid and corrosion.
   It has a curse which improves the following skills: Introspection: Fighting
   and Spellcasting.
   Evocations: Evocations.
 G - the cursed ring of the Enlightened Seer (right claw) {rC+, Self, Comp}
   (You found it on level 9 of the Dungeon)

   [ring of protection from cold]

   rC:        It protects you from cold.
   It has a curse which improves the following skills: Introspection: Fighting
   and Spellcasting.
   Companions: Summonings and Necromancy.
 J - an amulet of the acrobat
 M - a ring of flight
 U - an amulet of regeneration
 V - the ring of the Morning {rN+ Dex+3 Stlth+}
   (You found it in a Gauntlet)

   [ring of positive energy]

   Dex:       It affects your dexterity (+3).
   rN:        It protects you from negative energy.
   Stlth:     It makes you more stealthy.
 Z - a ring of ice
Wands
 A - a wand of paralysis (5)
 C - a wand of flame (46)
 I - a wand of polymorph (6)
 N - a wand of roots (8)
 X - a wand of mindburst (13)
Scrolls
 a - a scroll of summoning
 b - 2 scrolls of enchant weapon
 d - 29 scrolls of identify
 e - 5 scrolls of noise
 m - 4 scrolls of torment
 n - 12 scrolls of teleportation
 q - 4 scrolls of blinking
 s - 6 scrolls of fog
 w - 3 scrolls of fear
 D - 3 scrolls of magic mapping
 W - 2 scrolls of amnesia
Potions
 f - 4 potions of degeneration
 h - 3 potions of haste
 i - a potion of flight
 t - 4 potions of berserk rage
 z - 4 potions of lignification
 E - 4 potions of might
 H - 4 potions of magic
 S - a potion of brilliance
Miscellaneous
 j - a condenser vane
 F - a phantom mirror
 K - a box of beasts
 O - a tin of tremorstones (2/2)
 R - a phial of floods
 T - a lightning rod (4/4)


   Skills:
 - Level 13.5(15.9) Fighting
 - Level 7.1(14.8) Axes
 - Level 20.1(20.5) Maces & Flails
 - Level 7.8(9.5) Armour
 - Level 7.7(9.4) Shields
 - Level 5.0(7.4) Spellcasting
 * Level 8.9(10.6) Hexes
 - Level 7.4(10.0) Evocations


You had 29 spell levels left.
You didn't know any spells.
Your spell library contained the following spells:

 Spells                   Type           Power      Damage    Failure   Level
 Slow                     Hex            68%        N/A       1%          1
 Confusing Touch          Hex            17%        N/A       3%          3
 Cause Fear               Hex            8%         N/A       13%         4
 Ensorcelled Hibernation  Hex/Ice        20%        N/A       17%         2
 Inner Flame              Hex/Fire       10%        N/A       34%         3
 Foxfire                  Conj/Fire      8%         2x1d4     67%         1
 Beastly Appendage        Tmut           4%         N/A       69%         1
 Freeze                   Ice            8%         1d3       69%         1
 Static Discharge         Conj/Air       2%         3-4/arc   82%         2
 Passwall                 Tmut/Erth      1%         N/A       83%         2
 Poisonous Vapours        Pois/Air       4%         N/A       83%         2
 Scorch                   Fire           4%         2d5       83%         2
 Wereblood                Tmut           2%         N/A       83%         2
 Gell's Gravitas          Tloc           2%         N/A       95%         3
 Teleport Other           Tloc           2%         N/A       95%         3
 Vampiric Draining        Necr           3%         2d6       95%         3
 Conjure Flame            Conj/Fire      2%         6-21      96%         3
 Frozen Ramparts          Ice            4%         1d1       96%         3
 Spider Form              Tmut/Pois      2%         N/A       96%         3
 Stone Arrow              Conj/Erth      4%         3d7       96%         3
 Swiftness                Air            2%         N/A       96%         3
 Summon Mana Viper        Hex/Summ       10%        N/A       96%         5
 Animate Armour           Summ/Erth      4%         N/A       100%        4
 Corpse Rot               Necr/Pois/Air  2%         N/A       100%        4
 Flame Wave               Conj/Fire      2%         2d4       100%        4
 Hailstorm                Conj/Ice       2%         3d3       100%        4
 Olgreb's Toxic Radiance  Pois           2%         N/A       100%        4
 Alistair's Intoxication  Tmut/Pois      1%         N/A       100%        5
 Borgnjor's Vile Clutch   Necr/Erth      1%         N/A       100%        5
 Iskenderun's Battlesphe  Conj           2%         2d6       100%        5
 Lightning Bolt           Conj/Air       1%         1d12      100%        5
 Summon Forest            Summ/Tloc      1%         N/A       100%        5
 Dispersal                Tloc           1%         N/A       100%        6
 Eringya's Noxious Bog    Tmut/Pois      1%         N/A       100%        6
 Iron Shot                Conj/Erth      1%         9d1       100%        6
 Summon Cactus Giant      Summ           1%         N/A       100%        6
 Ozocubu's Refrigeration  Ice            1%         4d7       100%        7
 Spellforged Servitor     Conj/Summ      1%         N/A       100%        7
 Discord                  Hex            8%         N/A       100%        8
 Ignition                 Fire           1%         3d3       100%        8
 Lehudib's Crystal Spear  Conj/Erth      1%         10d2      100%        8
 Maxwell's Capacitive Co  Air            1%         ∞         100%        8
 Chain Lightning          Conj/Air       1%         3d1       100%        9
 Fire Storm               Conj/Fire      1%         7d1       100%        9
 Shatter                  Erth           1%         3d5*      100%        9


Dungeon Overview and Level Annotations

Branches:
Dungeon (15/15)            Temple (1/1) D:4            Lair (5/5) D:8
  Swamp (0/4) Lair:2        Snake (1/4) Lair:3        Slime (0/5) Lair:4
    Orc (2/2) D:12            Elf (1/3) Orc:2        Vaults (0/5) D:14
 Depths (0/4) D:15         Bailey (visited)         Gauntlet (visited)

Altars:
Ashenzari
Cheibriados
Dithmenos
Fedhas
Gozag
Hepliaklqana
Kikubaaqudgha
Makhleb
Nemelex Xobeh
Okawaru
Qazlal
Ru
Sif Muna
Trog
Uskayaw
Vehumet
Wu Jian
Xom
Yredelemnul

Shops:
D:4 (   D:10 =   D:14 *   Orc:2 [[:(:

Annotations:
D:9 3 runed translucent doors, lambentLogic's ghost, novice KoEn
Elf:1 1 runed translucent door, Aizul
Abyss:1 Duvessa, Prince Ribbit


Innate Abilities, Weirdness & Mutations

You have claws for hands.
You frequently emit foul miasma when damaged in melee.
When seriously injured, your blood forms thick armour. (AC +9)


Message History

The naga warrior is engulfed in blazing flames.
The naga warrior hits you but does no damage.
The guardian serpent casts a spell at you.
The bolt of poison hits you but does no damage.
You are poisoned.
The bolt of poison misses the naga warrior.
You feel better.
The naga is engulfed in blazing flames.
The naga hits you but does no damage.
The guardian serpent casts a spell at you.
The bolt of poison hits you but does no damage.
You are poisoned.
The bolt of poison hits the naga warrior!
The naga warrior hits you with a +0 flail!
* * * LOW HITPOINT WARNING * * *
The naga warrior hits you but does no damage.
The naga warrior constricts you.
* * * LOW HITPOINT WARNING * * *
As you read the scroll of fear, it crumbles to dust.
You assume a fearsome visage.
The guardian serpent looks frightened!
The naga warrior looks frightened!
The naga warrior resists with some effort.
The naga looks frightened!
You feel very sick.
The naga is engulfed in blazing flames.
You kill the naga!
A naga mage comes into view. It is wielding a +0 whip.
The naga warrior is engulfed in blazing flames.
Unknown command.
The naga warrior blocks your attack.
The naga warrior is heavily wounded.
You feel sick.
The naga warrior looks more healthy.
The naga warrior spits poison at you. The splash of poison hits you.
You are more poisoned.
* * * LOW HITPOINT WARNING * * *
The naga warrior constricts you.
* * * LOW HITPOINT WARNING * * *
You closely miss the naga warrior.
The naga warrior is heavily wounded.
You die...

##...## *,,
#.#..## , *
#.###.#**
,,, #.# #.#
,, #.###.##
,,
#......##
##†)N...#
,, #N○.☼..#
,, #@○)..##
#......# ,
, ##.....#
*, ,
#......# ,
~ ~
#S.......,,
~
#.........
,
#.........
#......N. *
, , *


You could see 2 naga warriors, a guardian serpent (fleeing) and a naga mage.

Vanquished Creatures
  Frances (D:14)
  An orc warlord (Orc:1)
  A quicksilver ooze (shapeshifter) (D:14)
  A stone giant (D:15)
  2 deep elf annihilators (Elf:1)
  A minotaur (Gauntlet)
  7 hydras
  2 boulder beetles
  4 vault guards (D:14)
  3 centaur warriors
  An ogre mage (D:14)
  A death knight (D:15)
  A naga warrior (Snake:1)
  3 two-headed ogres
  2 catoblepae
  8 death yaks
  2 orc high priests (Orc:2)
  3 tengu warriors (D:15)
  Urug (Lair:5)
  8 skeletal warriors
  A fire crab (Lair:5)
  2 death drakes (Gauntlet)
  A phantasmal warrior (D:15)
  6 deep elf pyromancers
  A wizard (D:14)
  4 orc knights
  A spectral wolf spider (Gauntlet)
  2 deep elf zephyrmancers (Elf:1)
  3 orc sorcerers (Orc:2)
  A wolf spider zombie (Gauntlet)
  An oklob plant (Lair:3)
  A wolf spider (D:14)
  3 manticores
  20 ugly things
  6 cyclopes
  A spectral centaur (Gauntlet)
  An elephant (shapeshifter) (D:14)
  2 centaur zombies (Gauntlet)
  12 elephants
  4 black mambas
  Joseph (D:7)
  2 gargoyles
  8 cane toads
  Maggie (D:7)
  9 komodo dragons
  3 unseen horrors
  3 efreet
  A freezing wraith (D:15)
  2 rime drakes
  2 yaktaurs (D:14)
  A kobold demonologist (D:14)
  A tengu conjurer (D:15)
  4 meliai
  A polar bear (shapeshifter) (D:14)
  2 polar bears
  3 trolls
  8 blink frogs
  6 hornets (Lair:5)
  11 slime creatures
  8 dream sheep
  2 flying skulls (Gauntlet)
  Sigmund (D:2)
  A shadow (D:12)
  12 spriggans (Lair:5)
  5 wyverns
  3 wraiths
  25 yaks
  A centaur simulacrum (D:14)
  2 steam dragons
  2 vampires
  3 basilisks
  Eustachio (D:5)
  11 vampire mosquitoes
  3 nagas (Snake:1)
  4 swamp worms (Lair:2)
  7 wargs
  Edmund (D:4)
  17 water moccasins
  3 acid dragons
  8 black bears
  4 ice beasts
  27 orc warriors
  A sky beast (D:7)
  35 wolves
  10 boggarts
  7 ogres
  5 centaurs
  A phantom (D:7)
  A kobold brigand (D:8)
  11 bullfrogs
  2 necrophages
  4 scorpions
  16 wights
  Dowan (D:7)
  41 killer bees
  7 electric eels
  2 howler monkeys (D:10)
  2 jellies (D:5)
  6 hounds
  A spectral boggart (Gauntlet)
  14 orc priests
  A gnoll bouda (D:7)
  Jessica (D:2)
  5 iguanas
  Natasha (thrice) (D:2)
  32 orc wizards
  Robin (D:2)
  3 gnolls (D:2)
  5 adders
  A shadow imp (D:7)
  3 white imps
  3 ufetubi
  3 worms
  5 dart slugs
  100 orcs
  9 endoplasms
  3 giant cockroaches
  17 goblins
  10 hobgoblins
  2 jackals (D:3)
  4 quokkas
  11 ball pythons
  12 bats
  4 frilled lizards
  7 kobolds
  14 rats
772 creatures vanquished.

Vanquished Creatures (collateral kills)
  Rupert (D:13)
  A hydra (Lair:2)
  A komodo dragon (Lair:2)
  An iguana (Lair:2)
4 creatures vanquished.

Vanquished Creatures (others)
  An orc sorcerer (Orc:2)
  An orc priest (Orc:2)
  2 orcs (D:8)
  A bush (Lair:3)
  26 fungi
  71 plants
102 creatures vanquished.

Grand Total: 878 creatures vanquished

Notes
Turn   | Place    | Note
-------+----------+-------------------------------------------
     0 | D:1      | blackman the Demonspawn Fighter began the quest for the
                  | Orb.
     0 | D:1      | Reached XP level 1. HP: 18/18 MP: 1/1
   189 | D:1      | Gained mutation: When seriously injured, your blood forms
                  | armour. (AC +9) [demonic ancestry]
   189 | D:1      | Reached XP level 2. HP: 18/24 MP: 2/2
   897 | D:1      | Gained mutation: You may rarely emit foul miasma when
                  | damaged in melee. [demonic ancestry]
   897 | D:1      | Reached XP level 3. HP: 29/29 MP: 3/3
   946 | D:1      | Found a faded altar of an unknown god.
  1590 | D:2      | Reached XP level 4. HP: 35/35 MP: 4/4
  1591 | D:2      | Noticed Robin
  1597 | D:2      | Killed Robin
  1785 | D:2      | Noticed Sigmund
  2116 | D:2      | Found a shimmering blue altar of Sif Muna.
  2127 | D:2      | Killed Sigmund
  2128 | D:2      | Reached skill level 5 in Axes
  2128 | D:2      | Reached XP level 5. HP: 16/41 MP: 1/5
  2394 | D:2      | Noticed Natasha
  2400 | D:2      | Killed Natasha
  2401 | D:2      | Gained mutation: You sometimes emit foul miasma when
                  | damaged in melee. [demonic ancestry]
  2401 | D:2      | Reached XP level 6. HP: 34/47 MP: 6/6
  2522 | D:2      | Noticed Natasha
  2527 | D:2      | Killed Natasha
  2552 | D:2      | Noticed Jessica
  2558 | D:2      | Killed Jessica
  2898 | D:2      | Identified the +1 pair of boots of the Wary Invaders {rF+
                  | Dex+3 Stlth+}
  2952 | D:2      | Noticed Natasha
  2966 | D:2      | Killed Natasha
  4356 | D:4      | Found a staircase to the Ecumenical Temple.
  4409 | Temple   | Entered the Ecumenical Temple
  4418 | Temple   | Became a worshipper of Ashenzari the Shackled
  4445 | D:4      | Gained mutation: You have sharp fingernails. [demonic
                  | ancestry]
  4445 | D:4      | Reached XP level 7. HP: 48/52 MP: 7/7
  4635 | D:4      | Noticed Edmund
  4647 | D:4      | Killed Edmund
  4832 | D:4      | Found Woeveifa's Antique Weapon Shoppe.
  5199 | D:5      | Entered Level 5 of the Dungeon
  5199 | D:5      | Noticed Eustachio
  5211 | D:5      | Killed Eustachio
  5212 | D:5      | Reached skill level 5 in Fighting
  5414 | D:5      | Identified the +0 robe "Wiranamp" {rElec rCorr Str+4 Dex-3}
  5431 | D:5      | Reached XP level 8. HP: 62/64 MP: 8/8
  6059 | D:5      | Identified the +8 mace of Foakaofu {elec, rCorr Dex+4}
  6324 | D:6      | Reached * piety under Ashenzari
  6324 | D:6      | Identified a scroll of acquirement
  6374 | D:5      | Acquired the ring "Agera" {rCorr Str+4 Int-2 Dex+3 Slay+4}
  6745 | D:6      | Reached skill level 1 in Maces & Flails
  6826 | D:6      | Reached skill level 2 in Maces & Flails
  6907 | D:6      | Acquired a manual of Maces & Flails
  6929 | D:6      | Reached XP level 9. HP: 72/76 MP: 9/9
  6932 | D:6      | Reached skill level 3 in Maces & Flails
  6938 | D:6      | Reached skill level 4 in Maces & Flails
  7116 | D:6      | Reached ** piety under Ashenzari
  7201 | D:6      | Reached skill level 5 in Maces & Flails
  7304 | D:6      | Identified the +9 rapier "Brush" {antimagic, rF+}
  7474 | D:7      | Found a flagged portal.
  7492 | D:7      | Reached skill level 6 in Maces & Flails
  7508 | Bailey   | Entered a bailey
  7578 | Bailey   | Reached skill level 7 in Maces & Flails
  7584 | Bailey   | Noticed an orc knight
  7588 | Bailey   | Found a large runed translucent door.
  7588 | Bailey   | Found a large runed translucent door.
  7589 | Bailey   | Noticed a deep elf pyromancer
  7590 | Bailey   | Identified the +1 scale mail of Odghism {+Blink Stlth+}
  7629 | Bailey   | Reached skill level 8 in Maces & Flails
  7637 | Bailey   | Killed an orc knight
  7638 | Bailey   | Reached skill level 9 in Maces & Flails
  8175 | Bailey   | Reached skill level 10 in Maces & Flails
  8289 | Bailey   | Killed a deep elf pyromancer
  8290 | Bailey   | Reached skill level 11 in Maces & Flails
  8414 | D:7      | Gained mutation: You have very sharp fingernails. [demonic
                  | ancestry]
  8414 | D:7      | Reached XP level 10. HP: 83/83 MP: 10/10
  8436 | D:7      | Noticed Duvessa
  8437 | D:7      | Noticed Dowan
  8439 | D:7      | Banished Duvessa
  8445 | D:7      | Killed Dowan
  8450 | D:7      | Identified the +0 leather armour of Beastly Mirth {Will+++
                  | rCorr Str-4 SInv}
  8554 | D:7      | Reached skill level 12 in Maces & Flails
  8626 | D:7      | Noticed Maggie
  8633 | D:7      | Killed Maggie
  8833 | D:7      | Noticed Joseph
  8848 | D:7      | Killed Joseph
  9140 | D:7      | Reached skill level 13 in Maces & Flails
  9533 | D:8      | Found a staircase to the Lair.
  9545 | D:8      | Noticed Prince Ribbit
  9552 | D:8      | Banished Prince Ribbit
  9565 | D:8      | Reached *** piety under Ashenzari
 10251 | D:8      | Reached skill level 10 in Fighting
 10301 | D:8      | Reached XP level 11. HP: 48/95 MP: 11/11
 10688 | D:8      | Reached skill level 5 in Armour
 12497 | D:9      | Found a runed translucent gate.
 12497 | D:9      | Found a runed translucent gate.
 12497 | D:9      | Found a runed translucent gate.
 12501 | D:9      | Noticed lambentLogic's ghost (novice KoEn)
 12546 | D:10     | Entered Level 10 of the Dungeon
 12574 | D:10     | Found an ancient bone altar of Kikubaaqudgha.
 12577 | D:10     | Found a shimmering blue altar of Sif Muna.
 12676 | D:10     | Noticed a two-headed ogre
 12685 | D:10     | Killed a two-headed ogre
 12773 | D:10     | Found Wyat Qul's Jewellery Boutique.
 12975 | D:10     | Found a hide-covered altar of Uskayaw.
 12975 | D:10     | Found a burning altar of Makhleb.
 13922 | D:11     | Reached skill level 1 in Evocations
 13953 | D:11     | Noticed an eight-headed hydra
 13961 | D:11     | Killed an eight-headed hydra
 14024 | D:11     | Reached **** piety under Ashenzari
 14308 | D:12     | Noticed a four-headed hydra
 14318 | D:12     | Killed a four-headed hydra
 14319 | D:12     | Gained mutation: When seriously injured, your blood forms
                  | thick armour. (AC +9) [demonic ancestry]
 14319 | D:12     | Reached XP level 12. HP: 65/108 MP: 12/12
 14359 | D:12     | Noticed a four-headed hydra
 14552 | D:12     | Killed a four-headed hydra
 14553 | D:12     | Reached skill level 5 in Evocations
 16076 | D:12     | Found a staircase to the Orcish Mines.
 16329 | D:12     | Noticed a two-headed ogre
 16335 | D:12     | Killed a two-headed ogre
 16336 | D:12     | Reached skill level 5 in Shields
 16416 | Orc:1    | Entered Level 1 of the Orcish Mines
 16759 | Orc:2    | Entered Level 2 of the Orcish Mines
 17374 | Orc:2    | Found Xofits's Vocational Training.
 17919 | Orc:2    | Found a staircase to the Elven Halls.
 18375 | Orc:2    | Paralysed by an orc sorcerer for 2 turns
 18545 | Orc:2    | Found Ilen's Book Emporium.
 18580 | Orc:2    | Noticed an orc high priest
 18585 | Orc:2    | Killed an orc high priest
 18586 | Orc:2    | Reached XP level 13. HP: 85/116 MP: 13/13
 19010 | Orc:2    | Noticed an orc warlord
 20008 | Orc:1    | Killed an orc warlord
 20364 | Orc:2    | Found Ceydilo's Antique Armour Emporium.
 20400 | Orc:2    | Found Ablok's Antique Weapon Shoppe.
 20469 | Orc:2    | Found Otish's Antique Armour Emporium.
 20947 | Lair:1   | Entered Level 1 of the Lair of Beasts
 21726 | Lair:1   | Reached skill level 14 in Maces & Flails
 22486 | Lair:2   | Identified the +3 scale mail "Ymyuf" {rN+ Dex+3}
 23425 | Lair:2   | Found a staircase to the Swamp.
 23702 | Lair:3   | Reached skill level 15 in Maces & Flails
 24498 | Lair:3   | Gained mutation: You have claws for hands. [demonic
                  | ancestry]
 24498 | Lair:3   | Reached XP level 14. HP: 126/126 MP: 14/14
 24509 | Lair:3   | Found a staircase to the Snake Pit.
 25510 | Lair:3   | Reached skill level 16 in Maces & Flails
 25707 | Lair:4   | Reached skill level 17 in Maces & Flails
 26261 | Lair:4   | Found a staircase to the Slime Pits.
 26603 | Lair:4   | Identified the +3 flail "Demonspawn's Doom" {speed, *Rage
                  | +Blink rPois Will++}
 26768 | Lair:5   | Entered Level 5 of the Lair of Beasts
 27832 | Lair:5   | Noticed Urug
 27846 | Lair:5   | Killed Urug
 27984 | Lair:5   | Reached skill level 18 in Maces & Flails
 28382 | Lair:5   | Paralysed by a hornet for 3 turns
 28403 | Lair:5   | Paralysed by a hornet for 3 turns
 28872 | Lair:5   | Gained mutation: You frequently emit foul miasma when
                  | damaged in melee. [demonic ancestry]
 28872 | Lair:5   | Reached XP level 15. HP: 123/132 MP: 15/15
 29498 | Elf:1    | Entered Level 1 of the Elven Halls
 29498 | Elf:1    | Found a runed translucent gate.
 29498 | Elf:1    | Found a runed translucent gate.
 29498 | Elf:1    | Found a runed translucent gate.
 29498 | Elf:1    | Found a runed translucent gate.
 29498 | Elf:1    | Found a runed translucent gate.
 29498 | Elf:1    | Found a runed translucent gate.
 29499 | Elf:1    | Found a runed translucent door.
 29504 | Elf:1    | Reached skill level 1 in Hexes
 29517 | Elf:1    | Reached skill level 1 in Spellcasting
 29798 | Elf:1    | Found a runed translucent door.
 30174 | Elf:1    | Noticed Aizul
 30366 | D:13     | Found a gate leading to a gauntlet.
 30378 | Gauntlet | Entered a Gauntlet
 30378 | Gauntlet | Found a transporter.
 30378 | Gauntlet | Found a transporter.
 30378 | Gauntlet | Found a transporter.
 30436 | Gauntlet | Found a transporter.
 30446 | Gauntlet | Identified the +2 pair of boots of Obbeaf {Contam rElec
                  | rF++ Regen+ Str-2}
 30448 | Gauntlet | Found a transporter.
 30450 | Gauntlet | Found a transporter.
 30460 | Gauntlet | Found a transporter.
 30460 | Gauntlet | Identified the ring "Ithiolen" {rPois rF+ rN+ Slay+3 SInv}
 30460 | Gauntlet | Identified the ring of the Morning {rN+ Dex+3 Stlth+}
 30465 | Gauntlet | Found a transporter.
 30484 | Gauntlet | Found a transporter.
 30488 | Gauntlet | Found a transporter.
 30498 | Gauntlet | Found a transporter.
 30502 | Gauntlet | Found a transporter.
 30923 | Gauntlet | Identified the +5 chain mail "Woext" {rElec Will+ Str+2
                  | Slay-6}
 31790 | D:13     | Reached skill level 5 in Hexes
 32299 | D:13     | Noticed Rupert
 32303 | D:13     | Paralysed by Rupert for 4 turns
 32315 | D:13     | Killed Rupert
 32316 | D:13     | Reached skill level 5 in Spellcasting
 32901 | D:14     | Noticed Frances
 32911 | D:14     | Killed Frances
 33399 | D:14     | Found Bomas's General Store.
 33541 | D:14     | Found a gate to the Vaults.
 33573 | D:14     | Reached skill level 19 in Maces & Flails
 34535 | D:14     | Identified the +3 leather armour of Wapovuec {+Blink rN+
                  | Int-5}
 35292 | D:14     | Found a shimmering blue altar of Sif Muna.
 35295 | D:14     | Identified the +3 sling "Appujawo" {freeze, rF- Str-2 Dex+8
                  | Stlth+}
 35810 | D:14     | Reached XP level 16. HP: 122/139 MP: 27/27
 36069 | D:14     | Reached skill level 20 in Maces & Flails
 36580 | D:15     | Entered Level 15 of the Dungeon
 36724 | Orc:2    | Bought the +7 great mace "Firestarter" {inner flame, rF++}
                  | for 1993 gold pieces
 36724 | Orc:2    | Found the +7 great mace "Firestarter" {inner flame, rF++}
 40870 | D:15     | Found a staircase to the Depths.
 41126 | Snake:1  | Entered Level 1 of the Snake Pit
 41171 | Snake:1  | HP: 6/138 [naga warrior/splash of poison (6)]
 41171 | Snake:1  | HP: 1/138 [constriction (5)]
 41172 | Snake:1  | Succumbed to a naga warrior's splash of poison

Illustrated notes

Levels and vault maps discovered:
D:1:      roderic_octagonal_star, layout_loops_cross,
          shapermc_ecumenical_altar_mp_highgroup, grunt_decor_resistance,
          minmay_rat_gold_closets
D:2:      layout_loops_ring, basic_altar, chequers_hall_statues_wall_a,
          uniq_robin, uniq_natasha, uniq_sigmund, uniq_jessica
D:3:      layout_rooms
D:4:      layout_basic, minmay_temple_entry_gardened_gates, serial_shops, shop,
          uniq_edmund
D:5:      layout_rooms, elyvilon_altar_1, uniq_eustachio
D:6:      layout_rooms, minmay_fractal_squares_diagonal_5
D:7:      statuecave_lemuel, layout_gridville, enter_bailey_5, minmay_puff,
          uniq_joseph, uniq_duvessa, uniq_maggie
D:8:      wad_woods_minihive, layout_cave_pools, lair_entry_dummy,
          uniq_prince_ribbit1
D:9:      layout_loops_ring, gammafunk_ghost_necromancy
D:10:     layout_gridville, mainiacjoe_overflow_catch_the_wave,
          nicolae_overflow_squiral, serial_shops, shop
D:11:     layout_cave_pools
D:12:     layout_loops_ring, david_orc_2
D:13:     layout_rooms, gauntlet_entry_generic, skrybe_limestone_x, uniq_rupert
D:14:     minmay_the_grid_octo_tiled_squarecenter_mashed
          [minmay_the_grid_octo_horde, minmay_the_grid_octo_vomiting_pacman,
          minmay_the_grid_octo_checkered, minmay_the_grid_octo_odd_swirl,
          minmay_the_grid_square_5x5_megaprize_diamond,
          minmay_the_grid_square_5x5_inner_v, minmay_the_grid_square_5x5_mess,
          minmay_the_grid_square_5x5_bite,
          minmay_the_grid_square_5x5_spiral_small], layout_loops_corners,
          erik_vaults_2, serial_shops, nicolae_shop_behind_doors,
          minmay_crystal_room, uniq_frances
D:15:     grunt_enter_depths_snipers, layout_cave_pools, good_gods_mini_temple
Temple:   sentei_temple_godly_chess
Lair:1:   layout_hall_layers, st_stairs_13, lemuel_fruit_fields,
          grunt_megastairs_3
Lair:2:   layout_hall_layers, palyth_hydra_swamp_entry, lemuel_fruit_tree,
          grunt_megastairs_1, infiniplex_staircase_pool
Lair:3:   layout_long_grid, dummy_snake_entry, nicolae_lair_grazing_beasts
          [nicolae_sub_lair_graze_edge, nicolae_sub_lair_graze_edge,
          nicolae_sub_lair_graze_edge, nicolae_sub_lair_graze_edge],
          serial_bayou_shore_a, lemuel_fruit_fields
Lair:4:   layout_misc_corridors, slime_entry_1, kilobyte_rumbling_trees,
          lemuel_fruit_fields, serial_bayou_shore_b, grunt_megastairs_4
Lair:5:   minmay_lair_end_enchanted_forest, layout_hall_layers, uniq_urug
Snake:1:  cheibrodos_snake_ritualist_ritual, layout_grid_shapes
Orc:1:    layout_caves
Orc:2:    grunt_orc_community_town_hall, layout_caves,
          grunt_orc_community_big_house_1, grunt_orc_community_big_house_1,
          grunt_orc_community_house_3, grunt_orc_community_house_2,
          grunt_orc_community_house_2, grunt_orc_community_house_3,
          grunt_orc_community_house_3, nicolae_shop_vocational
Elf:1:    nicolae_elf_arrival_dilemma, layout_rooms,
          hangedman_elven_crosses_minicolossus, uniq_aizul, uniq_louise

Skill      XL: |  1  2  3  4  5  6  7  8  9 10 11 12 13 14 15 16 |
---------------+-------------------------------------------------+-----
Axes           | 2 3 5 7 |  7.1
Fighting       | 6 9 10 12 13 | 13.5
Maces & Flails | 2 11 13 15 18 19 20 | 20.1
Armour         | 4 7 |  7.8
Evocations     | 3 7 |  7.4
Shields        | 7 |  7.7
Hexes          | 5 8 |  8.9
Spellcasting   | 5 |  5.0

Action                   |  1- 3 |  4- 6 |  7- 9 | 10-12 | 13-15 | 16-18 || total
-------------------------+-------+-------+-------+-------+-------+-------++-------
Melee: War axe           |   150 |   137 |       |       |       |       ||   287
       Flail             |       |    12 |   192 |   776 |  1181 |    52 ||  2213
       Great mace        |       |       |       |       |       |    99 ||    99
Throw: Javelin           |       |       |     5 |     8 |    28 |       ||    41
       Boomerang         |       |       |     1 |       |     1 |       ||     2
       Throwing net      |       |       |       |     3 |       |       ||     3
Invok: Curse Item        |       |       |     3 |     3 |     1 |       ||     7
       Shatter the Chain |       |       |       |       |       |     2 ||     2
Evoke: Wand              |       |       |     7 |     7 |    16 |       ||    30
       Phantom mirror    |       |       |       |     1 |     3 |       ||     4
       Box of beasts     |       |       |       |       |     2 |       ||     2
       Tin of tremorston |       |       |       |       |     3 |       ||     3
       Lightning rod     |       |       |       |       |     4 |       ||     4
       Phial of floods   |       |       |       |       |     1 |       ||     1
  Use: Potion            |       |     3 |     1 |     3 |     6 |     6 ||    19
       Scroll            |       |       |     2 |     6 |     2 |     1 ||    11
 Stab: Paralysed         |       |       |     9 |       |     4 |       ||    13
       Distracted        |       |       |       |     1 |       |       ||     1
       Held in net/web   |       |       |       |     1 |       |       ||     1
Armor: Scale mail        |    63 |       |       |       |       |       ||    63
       Chain mail        |    20 |    78 |       |       |       |       ||    98
       Skin              |       |     7 |       |       |       |       ||     7
       Storm dragon scal |       |     5 |   135 |   388 |   651 |   131 ||  1310
Dodge: Dodged            |    61 |    33 |    67 |   232 |   373 |    58 ||   824
Block: Buckler           |    43 |    23 |    60 |   235 |   411 |    12 ||   784
